 Dungeon Crawl Stone Soup version 0.31-a0-564-g3b7de120b3 (webtiles) character file.

Game seed: 4724471296053961779

102 Arcadio the Caller (level 4, -1/24 HPs)
             Began as a Deep Elf Summoner on Aug 17, 2023.
             Killed by divine providence
             ... invoked by an orc priest
              (11 damage)
             ... on level 3 of the Dungeon.
             The game lasted 00:04:57 (1919 turns).

Arcadio the Caller (Deep Elf Summoner)              Turns: 1919, Time: 00:04:57

Health: -1/24      AC:  4    Str:  5    XL:     4   Next: 49%
Magic:  10/12      EV: 13    Int: 22    God:
Gold:   165        SH:  0    Dex: 15    Spells: 8/11 levels left

rFire   . . .        c - +0 dagger
rCold   . . .        (no shield)
rNeg    . . .        a - +0 robe
rPois   .            p - +0 helmet
rElec   .            g - +0 cloak
rCorr   .            (no gloves)
SInv    .            (no boots)
Will    .....        (no amulet)
Stlth   ++           (no ring)
HPRegen 0.24/turn    (no ring)
MPRegen 0.13/turn

%: no passive effects
@: no status effects
A: no striking features
a: no special abilities


You were on level 3 of the Dungeon.
You visited 1 branch of the dungeon, and saw 3 of its levels.

You collected 165 gold pieces.

Inventory:

Hand Weapons
 c - a +0 dagger (weapon)
 l - a +0 rapier
Armour
 a - a +0 robe (worn)
 g - a +0 cloak (worn)
 p - a +0 helmet (worn)
Wands
 k - a wand of light (8)
 m - a wand of charming (5)
Scrolls
 d - a scroll of enchant armour {unknown}
 e - a scroll of silence {unknown}
 f - a scroll of teleportation {unknown}
 h - 2 scrolls of revelation {unknown}
 i - a scroll of noise {unknown}
 o - a scroll of identify {unknown}
Potions
 b - a potion of magic
 j - a potion of curing {unknown}
 n - 2 potions of haste {unknown}


   Skills:
 + Level 3.9 Dodging
 - Level 2.4 Stealth
 + Level 4.4 Spellcasting
 + Level 5.2 Summonings


You had 8 spell levels left.
You knew the following spells:

 Your Spells              Type           Power      Damage    Failure   Level
a - Summon Small Mammal   Summ           100%       N/A       1%          1
b - Call Imp              Summ           54%        N/A       1%          2

Your spell library contained the following spells:

 Spells                   Type           Power      Damage    Failure   Level
 Call Canine Familiar     Summ           27%        N/A       3%          3
 Summon Guardian Golem    Hex/Summ       16%        N/A       11%         3
 Summon Lightning Spire   Summ/Air       16%        N/A       36%         4


Dungeon Overview and Level Annotations

Branches:
Dungeon (3/15) Zot: 16081

Altars:


Message History

Your cerulean imp hits the white imp but does no damage.
Casting: Summon Small Mammal (safe; 1% risk of failure)
Confirm with . or Enter, or press ? or * to list all spells.
Your bat hits the white imp but does no damage.
Your cerulean imp hits the white imp but does no damage.
You hit the white imp but do no damage.
The white imp is severely wounded.
Your bat closely misses the white imp.
Your bat hits the white imp.
Your quokka bites the white imp.
Your bat closely misses the white imp.
Your cerulean imp hits the white imp but does no damage.
The white imp hits you. The white imp freezes you.
You hit the white imp but do no damage.
The white imp is almost dead.
Your bat closely misses the white imp.
Your quokka bites the white imp but does no damage.
Your cerulean imp hits the white imp from afar with a -2 spear.
The white imp dies!
You see here a +0 helmet.
p - a +0 helmet You start putting on your armour.
You continue putting on your +0 helmet. x4
You finish putting on your +0 helmet.
You swap places.
An orc priest comes into view. It is wielding a +0 club.
You swap places.
Your cerulean imp barely misses the orc priest.
The orc priest hits you with a +0 club.
An orc priest is nearby!
You swap places.
Your cerulean imp misses the orc priest.
Your quokka closely misses the orc priest.
The orc priest hits your quokka with a +0 club.
You swap places.
Your cerulean imp misses the orc priest.
The orc priest miscasts a cantrip.
Your bat hits the orc priest but does no damage.
Your cerulean imp hits the orc priest from afar with a -2 spear.
Your quokka barely misses the orc priest.
The orc priest mumbles some strange prayers to Beogh against you.
Beogh smites you!
You die...

#......... ######.#.......
#........ ###
#....#.#.#..### #.......#
..# #....#.#.#.##..
#.....r.# #.#
#.[..#.#...##.# #.....55#
#.# #....#.#.####†.
#.......# #r### #........#
###
#.......#####o..####..##+#.#
.............##5b###.##....#
....#........###@....##....#
....#........# #..>..++....#
....#........# ##....##....#
....#........# #....#####.#
....#........# #....# #.#
...########### #....# #.#
...# ###### #.# #### #.# #.#


You could see an orc priest (ally target), a friendly cerulean imp (summoned), a
friendly quokka (summoned) and a friendly bat (summoned).

Vanquished Creatures
  An adder (D:2)
  2 endoplasms (D:3)
  2 goblins (D:1)
  A hobgoblin (D:3)
  A quokka (D:1)
  2 ball pythons (D:2)
  2 bats (D:2)
  2 rats
13 creatures vanquished.

Vanquished Creatures (collateral kills)
  Jessica (D:2)
  An adder (D:2)
  A white imp (D:3)
  2 dart slugs (D:1)
  An orc (D:3)
  3 endoplasms
  2 hobgoblins
  2 jackals (D:3)
  2 quokkas
  4 ball pythons
  3 bats
  2 frilled lizards (D:1)
  4 goblins
  5 kobolds
  A rat (D:1)
34 creatures vanquished.

Grand Total: 47 creatures vanquished

Notes
Turn   | Place    | Note
-------+----------+-------------------------------------------
     0 | D:1      | Arcadio the Deep Elf Summoner began the quest for the Orb.
     0 | D:1      | Reached XP level 1. HP: 10/10 MP: 6/6
   131 | D:1      | Reached XP level 2. HP: 11/15 MP: 6/8
   145 | D:1      | Learned a level 2 spell: Call Imp
   920 | D:2      | Reached XP level 3. HP: 19/19 MP: 7/10
  1025 | D:2      | Identified the -1 pair of boots "Ilin" {Rampage Slay+2}
  1244 | D:2      | Noticed Jessica
  1252 | D:2      | Killed Jessica
  1253 | D:2      | Reached skill level 5 in Summonings
  1323 | D:2      | Reached XP level 4. HP: 20/24 MP: 8/12
  1919 | D:3      | Killed from afar by an orc priest

Illustrated notes

Levels and vault maps discovered:
D:1:      tekkud_arrival_beachfront_property, layout_basic
D:2:      layout_rooms, kennysheep_jessica_study
D:3:      layout_basic, mainiacjoe_overflow_swirl

Skill      XL: |  1  2  3 |
---------------+----------+-----
Dodging        | 3 |  3.9
Spellcasting   | 4 |  4.4
Summonings     | 5 |  5.2
Stealth        | |  2.4

Action                     |  1- 3 |  4- 6 || total
---------------------------+-------+-------++-------
  Melee: Dagger            |    50 |    23 ||    73
         Unarmed           |     1 |       ||     1
         Punch             |       |     2 ||     2
   Cast: Summon Small Mamm |    18 |     4 ||    22
         Call Imp          |    15 |     4 ||    19
 Armour: Robe              |     6 |     4 ||    10
  Dodge: Dodged            |    40 |    12 ||    52

Table legend: (Time is in decaauts)
 A = Elapsed time spent in this place.
 B = Non-inter-level travel time spent in this place.
 C = Inter-level travel time spent in this place.
 D = Time resting spent in this place.
 E = Time spent auto-exploring this place.
 F = Levels seen in this place.
 G = Mean time per level.
                   A        B        C        D        E       F      G
               +--------+--------+--------+--------+--------+-----+--------+
         Total |   1917 |   1859 |     58 |     32 |   1427 |   3 |  639.0 |
       Dungeon |   1917 |   1859 |     58 |     32 |   1427 |   3 |  639.0 |
               +--------+--------+--------+--------+--------+-----+--------+

Top non-repeatable levels by time:
     D:1: 848 daAuts
     D:2: 707 daAuts
     D:3: 361 daAuts
